Map: Backwater LE

Players

Lucian

  • Race: Protoss Protoss
  • Spawn Location: 11:00

Kozzy - Winner!

  • Race: Protoss Protoss
  • League: Gold
  • Spawn Location: 5:00

VOD

Have the link to the VOD?

Description

Time

  • Played on: April 6, 2018, 4:39 a.m.
  • Length: 6:16
Show
View Real Time Build Order
Export as new Build Order

Lucian Protoss 

Build Orders:  

Get SALT Encoding   

  12  0:03  Probe (Chrono Boost)  
  13  0:13  Probe (Chrono Boost)  
  14  0:19  Pylon  
  14  0:20  Probe  
  15  0:37  Probe  
  16  0:44  Gateway  
  16  0:49  Probe  
  17  0:51  Assimilator  
  17  1:02  Probe  
  18  1:09  Forge  
  18  1:14  Pylon  
  18  1:23  Gateway  
  18  1:27  Probe  
  19  1:34  Zealot  
  21  2:10  Zealot  
  23  2:18  Zealot  
  23  2:21  Protoss Ground Weapons Level 1 (Chrono Boost)  
  25  2:45  Zealot  
  25  2:46  Zealot  
  25  2:50  Nexus  
  29  3:06  Cybernetics Core  
  29  3:10  Pylon  
  29  3:13  Pylon, Zealot  
  31  3:28  Zealot  
  31  3:33  Photon Cannon  
  33  3:43  Pylon  
  33  3:45  Stalker  
  29  4:15  Probe (Chrono Boost)  
  26  4:22  Stalker x2  
  30  4:26  Probe (Chrono Boost)  
  30  4:30  Assimilator  
  31  4:31  Probe (Chrono Boost)  
  32  4:41  Probe  
  33  4:49  Probe  
  33  4:55  Stalker x2  
  33  4:57  Probe  
  39  5:08  Probe x2 (Chrono Boost)  
  41  5:20  Probe (Chrono Boost)  
  43  5:25  Pylon, Probe (Chrono Boost), Stalker  
  43  5:27  Probe (Chrono Boost)  
  46  5:31  Probe  
  46  5:34  Probe  
  34  5:47  Probe  
Show
View Real Time Build Order
Export as new Build Order

Kozzy Protoss - Winner!

Build Orders:  

Get SALT Encoding   

  12  0:01  Probe  
  13  0:13  Probe  
  14  0:20  Pylon  
  14  0:33  Probe  
  15  0:42  Gateway  
  15  0:45  Assimilator  
  15  0:50  Probe (Chrono Boost)  
  16  1:02  Probe (Chrono Boost)  
  17  1:07  Probe (Chrono Boost)  
  18  1:17  Probe (Chrono Boost)  
  19  1:22  Pylon  
  20  1:25  Pylon  
  20  1:26  Probe (Chrono Boost)  
  20  1:38  Zealot  
  22  1:43  Cybernetics Core  
  22  1:49  Forge  
  22  1:54  Pylon  
  22  2:08  Zealot  
  24  2:17  Protoss Ground Weapons Level 1 (Chrono Boost)  
  24  2:19  Gateway  
  24  2:20  Warp Gate  
  24  2:34  Stalker  
  24  2:36  Shield Battery  
  26  2:44  Photon Cannon  
  26  3:00  Pylon  
  26  3:07  Stalker  
  26  3:10  Stalker  
  30  3:21  Gateway  
  30  3:36  Pylon  
  30  3:45  Zealot  
  32  3:55  Gateway  
  32  4:32  Stalker x3  
  38  4:40  Pylon  
  38  4:46  Pylon  
  38  4:56  Stalker x2  
  38  4:57  Stalker, Zealot  
  46  5:20  Zealot x4  
  52  5:45  Stalker  
  52  5:46  Stalker, Zealot  
Tags
 
League
Gold
Matchup
PvP
Spawn Locations
Cross Positions
Add a new tag
Caveats
  • Supply blocks, unpowered buildings, or Contaminate may cause inaccurate times.
  • Supply counts are checked every 10 seconds.